 Dungeon Crawl Stone Soup version 0.27-a0-1202-ge72e49191c (webtiles) character file.

Game seed: 7090966555145841724

32 mordus the Magician (level 3, 0/27 HPs)
             Began as a Djinni Conjurer on June 2, 2021.
             Slain by a goblin
             ... wielding a +0 dagger
             ... led by Robin
              (3 damage)
             ... on level 1 of the Dungeon.
             The game lasted 00:04:11 (1598 turns).

mordus the Magician (Djinni Conjurer)               Turns: 1598, Time: 00:04:12

Health: 0/27       AC:  2    Str:  6    XL:     3   Next: 45%
Gold:   52         EV: 12    Int: 20    God:
                   SH:  0    Dex: 11

rFire    + + .     SeeInvis .   c - +0 dagger
rCold    x . .     Faith    .   (no shield)
rNeg     + . .     Spirit   .   a - +0 robe
rPois    ∞         Reflect  .   (no helmet)
rElec    .         Harm     .   (no cloak)
rCorr    .         Rampage  .   (no gloves)
Will     .....                  (boots unavailable)
Stlth    ++........             (no amulet)
HPRegen  0.09/turn              e - ring of positive energy
MPRegen  0.00/turn              (no ring)

@: flying
A: sickness immunity, fire resistance 2, cold vulnerability 1, float, innate
caster, hp casting, extra vitality 1
a: no special abilities


You were on level 1 of the Dungeon.
You visited 1 branch of the dungeon, and saw 2 of its levels.

You collected 52 gold pieces.

Inventory:

Hand Weapons
 c - a +0 dagger (weapon)
Armour
 a - a +0 robe (worn)
Jewellery
 e - a ring of positive energy (left hand)
Scrolls
 b - a scroll of identify {unknown}
Potions
 d - a potion of might {unknown}


   Skills:
 + Level 1.3 Fighting
 - Level 2.1 Dodging
 - Level 1.5 Stealth
 * Level 3.8 Spellcasting


You couldn't memorise any spells.
You knew the following spells:

 Your Spells              Type           Power      Damage    Failure   Level
a - Magic Dart            Conj           76%        1d6       2%          1
b - Searing Ray           Conj           38%        3d4       4%          2
c - Dazzling Flash        Conj/Hex       38%        N/A       9%          3
d - Fulminant Prism       Conj/Hex       9%         3d7       26%         4
e - Iskenderun's Mystic   Conj/Tloc      19%        2d6       26%         4
f - Freeze                Ice            76%        1d9       2%          1
Your spell library was empty.

Dungeon Overview and Level Annotations

Branches:
Dungeon (2/15)

Altars:

Annotations:
D:2 Robin


Innate Abilities, Weirdness & Mutations

You are immune to sickness and miasma.
You are immune to poison.
Your flesh is very heat resistant. (rF++)
You are vulnerable to cold. (rC-)
You float through the air rather than walking.
You learn spells naturally, not from books.
Your magical power is your life essence.
You have superior vitality. (+4 HP)


Message History

The rat bites you. The goblin closely misses you.
The goblin hits you with a +0 club. The adder bites you.
Robin says, "Duck!"
Robin throws the goblin at you!
There is a stone staircase leading up here.
The adder completely misses you. The rat barely misses you.
The goblin closely misses you. The goblin hits you but does no damage.
The goblin barely misses you. The adder closely misses you.
You fly upwards.
There is a stone staircase leading down here.
Things that are here:
a +0 club; a goblin corpse
Casting: Searing Ray (safe; 4% risk of failure)
Confirm with . or Enter, or press ? or * to list all spells.
The spell is quite dangerous to cast (9% risk of failure)!
Continue anyway?
The goblin is dazzled. x2; The rat is dazzled.
The goblin hits you with a +0 club. The goblin hits you but does no damage.
The adder bites you.
Casting: Dazzling Flash (quite dangerous; 9% risk of failure)
Confirm with . or Enter, or press ? or * to list all spells.
Aiming: Searing Ray (safe; 4% risk of failure)
Press: ? - help, Shift-Dir - straight line, f - adder
Aim: an adder (63% to hit)
The searing ray misses the adder.
The searing ray hits the rat.
You kill the rat! (Press . to maintain the ray.)
The goblin hits you but does no damage. The goblin misses you.
The adder bites you but does no damage.
The searing ray misses the adder.
The adder bites you.
* * * LOW HITPOINT WARNING * * *
The goblin hits you but does no damage. The goblin hits you with a +0 dagger.
* * * LOW HITPOINT WARNING * * *
Unknown command.
The searing ray hits the adder!
The adder is severely wounded.
* * * LOW HITPOINT WARNING * * *
The adder misses you. The goblin hits you with a +0 club.
* * * LOW HITPOINT WARNING * * *
The goblin hits you with a +0 dagger.
You die...

#.#...#.####.##...#∩#8#.#######
#.#..#........#.⌠..###..# #.
#.#.#.##..##..#..⌠.8##.## #.
#.#.#..........#...###.# #.
#..#.......##...###.##.# #.
#....#.....##..## ####.# #.
#...##.....###.# #.# #.
#.####.....# #S# #.# #.
#..........# #@#######.#######.
########.### #gg.............##
#.# #g.........####.## #.#
#................. #.#
#.................
##.#####.................
#.>...............)).....
#........................
#.......##########......(


You could see an adder and 3 goblins.

Vanquished Creatures
  A ball python (D:1)
  5 endoplasms (D:1)
  A giant cockroach (D:1)
  9 goblins (D:1)
  3 hobgoblins (D:1)
  2 jackals (D:1)
  2 bats (D:1)
  A frilled lizard (D:1)
  2 kobolds (D:1)
  2 rats (D:1)
28 creatures vanquished.

Notes
Turn   | Place    | Note
-------+----------+-------------------------------------------
     0 | D:1      | mordus the Djinni Conjurer began the quest for the Orb.
     0 | D:1      | Reached XP level 1. HP: 15/15 MP: 0/0
    38 | D:1      | Reached XP level 2. HP: 1/22 MP: 0/0
   560 | D:1      | Reached skill level 1 in Fighting
   662 | D:1      | Found a faded altar of an unknown god.
   945 | D:1      | Reached XP level 3. HP: 25/27 MP: 0/0
   945 | D:1      | Learned a level 1 spell: Freeze
  1436 | D:2      | Noticed Robin
  1598 | D:1      | Slain by a goblin

Illustrated notes

Levels and vault maps discovered:
D:1:      ebering_trefoil_3fold, layout_basic, shapermc_ecumenical_altar_venn
D:2:      layout_rooms, uniq_jessica, uniq_robin, uniq_natasha

Skill      XL: |  1  2 |
---------------+-------+-----
Fighting       | 1 |  1.3
Dodging        | |  2.1
Stealth        | |  1.5
Spellcasting   | |  3.8

Action                   || total
-------------------------++-------
Melee: Dagger            ||     7
 Cast: Magic Dart        ||    52
       Searing Ray       ||     2
       Dazzling Flash    ||     1
Armor: Robe              ||     8
Dodge: Dodged            ||    24

Table legend: (Time is in decaauts)
 A = Elapsed time spent in this place.
 B = Non-inter-level travel time spent in this place.
 C = Inter-level travel time spent in this place.
 D = Time resting spent in this place.
 E = Time spent auto-exploring this place.
 F = Levels seen in this place.
 G = Mean time per level.
                   A        B        C        D        E       F      G
               +--------+--------+--------+--------+--------+-----+--------+
         Total |   1599 |   1557 |     42 |    624 |    795 |   2 |  799.5 |
       Dungeon |   1599 |   1557 |     42 |    624 |    795 |   2 |  799.5 |
               +--------+--------+--------+--------+--------+-----+--------+

Top non-repeatable levels by time:
     D:1: 1588 daAuts
     D:2: 10 daAuts
